 Dungeon Crawl Stone Soup version 0.21.1-72-gffa868e0fe (webtiles) character file.

51 Pisosu the Bolt Thrower (level 4, -7/27 HPs)
             Began as a Kobold Hunter on Aug 3, 2018.
             Killed from afar by Sigmund (15 damage)
             ... with a puff of flame
             ... on level 2 of the Dungeon.
             The game lasted 00:05:03 (1548 turns).

Pisosu the Bolt Thrower (Kobold Hunter)             Turns: 1548, Time: 00:05:04

Health: -7/27      AC:  5    Str:  9    XL:     4   Next: 5%
Magic:  4/4        EV: 15    Int: 12    God:
Gold:   171        SH:  0    Dex: 16    Spells: 3/3 levels left

rFire    . . .     SeeInvis .   a - +1 hand crossbow
rCold    . . .     Gourm    .   (shield restricted)
rNeg     . . .     Faith    .   c - +0 leather armour
rPois    .         Spirit   .   (no helmet)
rElec    .         Reflect  .   (no cloak)
rCorr    .         Harm     .   k - +0 pair of gloves (curse)
MR       .....                  j - +0 pair of boots
Stlth    ++........             (no amulet)
HPRegen  0.09/turn              (no ring)
MPRegen  0.09/turn              (no ring)

@: no status effects
A: small, carnivore
a: no special abilities


You were on level 2 of the Dungeon.
You were not hungry.

You visited 1 branch of the dungeon, and saw 3 of its levels.

You collected 171 gold pieces.

Inventory:

Hand Weapons
 a - a +1 hand crossbow (weapon)
 b - a +0 short sword
Missiles
 d - 26 bolts (quivered)
Armour
 c - a +0 leather armour (worn)
 j - a +0 pair of boots (worn)
 k - a cursed +0 pair of gloves (worn)
Jewellery
 e - a +3 ring of evasion {unknown}
 m - an uncursed ring of protection from cold {unknown}
Scrolls
 g - 3 scrolls of random uselessness {unknown}
 i - a scroll of noise {unknown}
 l - 2 scrolls of enchant armour {unknown}
 n - a scroll of magic mapping {unknown}
 o - a scroll of identify {unknown}
 p - 2 scrolls of fog {unknown}
 q - a scroll of blinking {unknown}
 r - 2 scrolls of remove curse {unknown}
 s - a scroll of teleportation {unknown}
Potions
 h - a potion of agility {unknown}
 t - a potion of magic {unknown}
Comestibles
 f - 4 rations


   Skills:
 + Level 2.5 Fighting
 + Level 6.1 Crossbows
 + Level 2.7 Dodging
 + Level 1.5 Stealth


You had 3 spell levels left.
You didn't know any spells.

Dungeon Overview and Level Annotations

Branches:
Dungeon (3/15)

Altars:

Annotations:
D:2 Sigmund
D:3 ExaRaiun's ghost, amateur GrFi


Innate Abilities, Weirdness & Mutations

You are small and have problems with some larger weapons.
You are carnivorous and can eat meat at any time.


Message History

The puff of flame hits you!
* * * LOW HITPOINT WARNING * * *
Firing (i - inventory):
d - 28 bolts (quivered)
Press: ? - help, Shift-Dir - straight line, f/p - Sigmund
Aim: Sigmund, wielding a scythe and wearing a runed robe (lightly wounded)
You shoot a bolt. The bolt hits Sigmund.
Sigmund is moderately wounded.
Firing (i - inventory):
d - 27 bolts (quivered)
Press: ? - help, Shift-Dir - straight line, f/p - Sigmund
Aim: Sigmund, wielding a scythe and wearing a runed robe (moderately wounded)
You shoot a bolt. The bolt hits Sigmund!
Sigmund is almost dead.
Sigmund mumbles some strange words.
Sigmund flickers and vanishes!
Deactivating autopickup; reactivate with Ctrl-A.
Something tries to affect you, but you resist.
A puff of flame appears from out of thin air!
The puff of flame hits you!
Ouch! That really hurt!
You die...

#..[#
##...########{.((...#..
#).†#####..{##
###.....#.#
#......##....##
#.....#.#
#...##..#.##..#
###........
#...###.#####.#
##.......#.# ##### #..#
#.# #..#.......# ##.##
#.## ###........###
#..#
#..###...#####.....
##.# ##@##...## ######
#.# ##.....##
#.###......#
###.##.....#.#
#.......####.#
#.......## #.#
#........# #.##
#........# #..####
###..≈.≈.####....#


There were no monsters in sight!

Vanquished Creatures
  2 adders (D:2)
  A worm (D:2)
  2 dart slugs (D:1)
  A leopard gecko (D:1)
  4 bats
  A goblin (D:1)
  5 hobgoblins (D:1)
  2 jackals (D:1)
  3 kobolds
  A quokka (D:2)
  A frilled lizard (D:1)
  A rat (D:1)
24 creatures vanquished.

Notes
Turn   | Place    | Note
-------+----------+-------------------------------------------
     0 | D:1      | Pisosu the Kobold Hunter began the quest for the Orb.
     0 | D:1      | Reached XP level 1. HP: 12/12 MP: 1/1
    80 | D:1      | Reached skill level 5 in Crossbows
   149 | D:1      | Reached XP level 2. HP: 17/17 MP: 2/2
   622 | D:1      | Reached XP level 3. HP: 19/22 MP: 3/3
   905 | D:2      | Found a faded altar of an unknown god.
   942 | D:2      | Noticed Sigmund
  1279 | D:3      | Noticed ExaRaiun's ghost (amateur GrFi)
  1313 | D:2      | Reached skill level 6 in Crossbows
  1313 | D:2      | Reached XP level 4. HP: 14/27 MP: 4/4
  1548 | D:2      | Killed from afar by Sigmund

Skill      XL: |  1  2  3 |
---------------+----------+-----
Crossbows      | 5 6 |  6.1
Fighting       | |  2.5
Dodging        | |  2.7
Stealth        | |  1.5

Action                   |  1- 3 |  4- 6 || total
-------------------------+-------+-------++-------
 Fire: Hand crossbow     |    50 |     5 ||    55
  Eat: Ration            |     1 |       ||     1
       Chunk             |       |     2 ||     2
Armor: Leather armour    |     4 |       ||     4
Dodge: Dodged            |    21 |       ||    21
